[Event "*** Titled Tuesday 3|2 Blitz (Late)"]
[Site "Chess.com"]
[Date "2016.11.01"]
[Round "6"]
[White "kereswasbest"]
[Black "oskariot"]
[Result "1-0"]
[WhiteElo "2143"]
[BlackElo "2340"]
[TimeControl "180+2"]
[EndTime "18:18:35 PDT"]
[Termination "kereswasbest won by resignation"]

1. d4 Nf6 2. c4 g6 3. Nc3 Bg7 4. e4 O-O 5. Nf3 d6 6. Be2 c5 7. d5 e6 8. O-O exd5 9. exd5 Re8 10. h3 Ne4 11. Nxe4 Rxe4 12. Bd3 Re8 13. Bf4 Bxb2 14.
Qd2 Bxa1 15. Rxa1 Qf6 16. Rb1 Nd7 17. Bg5 Qg7 18. Bh6 Qf6 19. Bg5 Qh8 20. Qf4 Ne5 21. Bf6 Nxd3 22. Qh4 Re4 23. g4 Qxf6 24. Qxf6 Rf4 25.
Qd8+ Kg7 26. Ng5 h6 27. Rb3 Nxf2 28. Ne6+ fxe6 29. dxe6 Rf8 30. e7 1-0

[Event "*** Titled Tuesday 3|2 Blitz (Late)"]
[Site "Chess.com"]
[Date "2016.11.01"]
[Round "6"]
[White "wonderfultime"]
[Black "Maitreia"]
[Result "1-0"]
[WhiteElo "2697"]
[BlackElo "2507"]
[TimeControl "180+2"]
[EndTime "18:18:38 PDT"]
[Termination "wonderfultime won by resignation"]

1. d4 Nf6 2. c4 g6 3. Nc3 Bg7 4.
e4 O-O 5. f3 d6 6. Be3 Nc6 7.
Nge2 a6 8. Qd2 Rb8 9. Rc1 Bd7 10. Nd1 e6 11. g3 Ne7 12. Bg2 b5 13. c5 d5 14. O-O dxe4 15. fxe4 Bc6 16. Nf2 b4 17.
Rfd1 a5 18. Nf4 Bb5 19. N4d3 Nc6 20. Ne1 h5 21. h3 Kh7 22. Nf3 Kg8 23. Bf4 Re8 24. d5 exd5 25. exd5 Ne7 26. Ng5 Nf5 27. Re1 Qd7 28. c6 Qd8 29. Rcd1 Nd6 30. b3 Rxe1+ 31. Qxe1 Nfe8 32. Nge4 h4 33. g4 Nxe4 34. Nxe4 f5 35. gxf5 gxf5 36. Ng5 Qf6 37. d6 Nxd6 38. Bd5+ Kh8 39.
Qxh4+ Bh6 40. Nf7+ Nxf7 41. Qxf6+ Bg7 42. Qxf7 1-0

[Event "*** Titled Tuesday 3|2 Blitz (Late)"]
[Site "Chess.com"]
[Date "2016.11.01"]
[Round "6"]
[White "uzbektiger95"]
[Black "Evgeny_Levin"]
[Result "1-0"]
[WhiteElo "2635"]
[BlackElo "2720"]
[TimeControl "180+2"]
[EndTime "18:18:43 PDT"]
[Termination "uzbektiger95 won on time"]

1. c4 e5 2. Nc3 Nf6 3. Nf3 Nc6 4. g3 d5 5. cxd5 Nxd5 6. Bg2 Nb6 7.
O-O Be7 8. Rb1 O-O 9. b4 f6 10. a3 Be6 11. d3 a5 12. b5 Nd4 13. Nxd4 exd4 14. Ne4 f5 15. Nd2 Nd5 16. Bb2 Nc3 17. Qc2 Nxb1 18. Rxb1 Bd5 19. Qa4 Bxg2 20. Kxg2 Bf6 21.
Qc4+ Kh8 22. Nf3 Re8 23. Re1 Qd7 24. Bxd4 Bxd4 25. Nxd4 f4 26. Nf3 fxg3 27. hxg3 Rad8 28. d4 Qd5 29. Qd3 a4 30. Rh1 h6 31. Rc1 Rd7 32.
Kg1 Qb3 33. Rc3 Qb2 34. e3 Rf7 35. Kg2 Ref8 36. Rc2 Qb3 37. Ne5 Rf6 38. f4 Qxd3 39. Nxd3 Rc8 40. Kf3 Rb6 41. Ne5 Rxb5 42. Nf7+ Kg8 43. Nd6 cxd6 44. Rxc8+ Kf7 45. Ra8 Ke6 46. Rxa4 d5 47. g4 Rb1 48. Ra8 Rf1+ 49. Kg2 Ra1 50.
Rg8 Rxa3 51. Kf3 1-0

[Event "*** Titled Tuesday 3|2 Blitz (Late)"]
[Site "Chess.com"]
[Date "2016.11.01"]
[Round "6"]
[White "Divertissement"]
[Black "Noukii"]
[Result "0-1"]
[WhiteElo "2339"]
[BlackElo "2651"]
[TimeControl "180+2"]
[EndTime "18:18:47 PDT"]
[Termination "Noukii won by resignation"]

1. Nf3 Nf6 2. c4 g6 3. Nc3 Bg7 4. d4 O-O 5. g3 d6 6. Bg2 c5 7. dxc5 dxc5 8. Qxd8 Rxd8 9. Ne5 Nbd7 10. Nd3 Ne8 11. Be3 Nd6 12. O-O-O Nxc4 13. Bxc5 Nxc5 14. Nxc5 Re8 15. Bd5 Nd6 16. N3e4 Bf5 17. f3 Rac8 18. Kd2 Bxb2 19. Nxb7 Nc4+ 20. Bxc4 Rxc4 21. Nbc5 Rd8+ 22. Nd3 Bxe4 23. fxe4 Rxe4 24. Rb1 Bf6 25. Rb7 Ra4 26. h4 h5 27. Ke3 Rxa2 28. Rc1 Rd6 29. Nf4 Rd8 30.
Rcc7 a5 31. Kf3 a4 32. e4 Rdd2 33. Nd5 Ra3+ 0-1

[Event "*** Titled Tuesday 3|2 Blitz (Late)"]
[Site "Chess.com"]
[Date "2016.11.01"]
[Round "6"]
[White "Alexander_Moskalenko"]
[Black "TheSovietChess"]
[Result "0-1"]
[WhiteElo "2655"]
[BlackElo "2553"]
[TimeControl "180+2"]
[EndTime "18:18:59 PDT"]
[Termination "TheSovietChess won by resignation"]

1. d4 Nf6 2. Nf3 g6 3. Nbd2 Bg7 4. e4 d5 5. e5 Nfd7 6. c3 c5 7. Bd3 O-O 8. h4 Nc6 9. h5 Nb6 10. a4 a5 11. hxg6 fxg6 12. Ng5 cxd4 13. Ndf3 dxc3 14. bxc3 Rxf3 15. Nxf3 Bg4 16. Rxh7 Nxe5 17. Rh4 Nxd3+ 18. Qxd3 Bf5 19. Qd1 Bxc3+ 20. Bd2 Bg7 21. Rc1 Nc4 22. Kf1 Rc8 23. Bh6 Bb2 24. Rb1 Bf6 25. Bg5 b6 26. Bxf6 exf6 27. Rc1 Kg7 28. Kg1 Be4 29. Nd4 Qd7 30.
f3 g5 31. fxe4 gxh4 32. Nf5+ Kf8 33. Qh5 dxe4 34. Qg6 Qf7 35. Qg4 Nd6 36. Rd1 Nxf5 37. Qxf5 Rc5 38. Rd8+ Kg7 39. Qg4+ Rg5 40. Qxh4 Qe7 41.
Qh8+ Kg6 42. Qg8+ Qg7 43. Qe6 Kh6 44. Qh3+ Rh5 45. Qe3+ Qg5 46. Qxe4 Qc5+ 47. Qd4 Qc1+ 48. Qd1 Qe3+ 0-1

[Event "*** Titled Tuesday 3|2 Blitz (Late)"]
[Site "Chess.com"]
[Date "2016.11.01"]
[Round "6"]
[White "PaulfromSPb"]
[Black "dretch"]
[Result "1-0"]
[WhiteElo "2498"]
[BlackElo "2612"]
[TimeControl "180+2"]
[EndTime "18:19:00 PDT"]
[Termination "PaulfromSPb won by resignation"]

1. e4 e6 2. d4 d5 3. Nd2 c5 4.
Ngf3 cxd4 5. Nxd4 Nf6 6. Bd3 Bc5 7. N4b3 dxe4 8. Nxc5 exd3 9. Nxd3 O-O 10. O-O Nc6 11.
Nf3 b6 12. Bg5 Ba6 13. Nfe1 h6 14. Bh4 e5 15. f3 e4 16. fxe4 Qd4+ 17. Bf2 Qxe4 18.
Nf3 Rad8 19. Re1 Qh7 20. Bh4 Bxd3 21. cxd3 Rxd3 22. Qc1 Nd4 23. Ne5 Nd5 24. Nxd3 Qxd3 25. Qd1 Qc4 26. Re4 Nf4 27. Kh1 Nfe6 28. Bf2 Rd8 29.
Qg4 f5 30. Qxf5 Qc6 31. Qe5 Rd5 32. Qb8+ Rd8 33. Qe5 Rd5 34. Qg3 Rg5 35. Rg4 Nf5 36. Qb8+ Kh7 37. Rxg5 Nxg5 38. Qf4 Nh3 39. Qxf5+ 1-0

[Event "*** Titled Tuesday 3|2 Blitz (Late)"]
[Site "Chess.com"]
[Date "2016.11.01"]
[Round "6"]
[White "keisyzrk"]
[Black "gmshanmeruga"]
[Result "0-1"]
[WhiteElo "2237"]
[BlackElo "2303"]
[TimeControl "180+2"]
[EndTime "18:19:15 PDT"]
[Termination "gmshanmeruga won by resignation"]

1. e4 c5 2. Nf3 Nc6 3. Bb5 g6 4.
Bxc6 bxc6 5. d3 Bg7 6. O-O Nf6 7.
Nc3 O-O 8. h3 d6 9. Be3 Rb8 10.
Rb1 Nd7 11. Qd2 Re8 12. Bh6 Bh8 13. Be3 Qa5 14. d4 Ba6 15. Rfd1 Rb7 16. a3 Reb8 17. dxc5 Bxc3 18. bxc3 Rxb1 19. cxd6 exd6 20. Qxd6 Be2 21.
Rxb1 Rxb1+ 22. Kh2 Bxf3 23. Bf4 Rd1 24. Qe7 Qc5 25.
Qe8+ Qf8 26. Qxf8+ Kxf8 27. gxf3 f6 28. Be3 Ne5 29.
Bxa7 Nxf3+ 30. Kg3 Ne5 31. Bc5+ Kf7 32. Kf4 Ra1 33.
Ke3 Ke6 34. f4 Nc4+ 35. Kd4 Nd6 36. c4 f5 37. e5 Ne4 38. Bb4 c5+ 39. Bxc5 Nxc5 40.
Kxc5 Rxa3 41. Kb5 Rf3 42. c5 Rxf4 43. c4 Kxe5 44. c6 Kd6 0-1

[Event "*** Titled Tuesday 3|2 Blitz (Late)"]
[Site "Chess.com"]
[Date "2016.11.01"]
[Round "6"]
[White "attack2mateU"]
[Black "spirals5"]
[Result "0-1"]
[WhiteElo "2412"]
[BlackElo "2280"]
[TimeControl "180+2"]
[EndTime "18:19:20 PDT"]
[Termination "spirals5 won on time"]

1. e4 c5 2. Nf3 d6 3. d4 cxd4 4.
Nxd4 Nf6 5. Nc3 a6 6. h3 e5 7. Nde2 h5 8. Bg5 Be6 9. Bxf6 Qxf6 10. Nd5 Qd8 11. Nec3 Nc6 12. Bc4 Rc8 13. O-O b5 14.
Bb3 Nd4 15. f4 Nxb3 16. axb3 Be7 17. f5 Bd7 18. Nxe7 Qxe7 19. Nd5 Qd8 20. Rxa6 Bc6 21.
Qd2 Bxd5 22. Qxd5 O-O 23. f6 g6 24. Rxd6 Qc7 25. c3 Qc5+ 26. Qxc5 Rxc5 27. Rfd1 b4 28.
c4 Ra5 29. R1d5 Ra2 30. Rxe5 Rxb2 31. Rd3 Ra8 32. Rb5 Raa2 33. Rg3 Re2 34. e5 Ra1+ 35. Kh2 Ree1 36. Rxg6+ fxg6 37. Kg3 g5 38. h4 Re3+ 39. Kf2 Rae1 40. hxg5 Rxe5 41. Rb8+ Kf7 42. Rb7+ Kg6 0-1

[Event "*** Titled Tuesday 3|2 Blitz (Late)"]
[Site "Chess.com"]
[Date "2016.11.01"]
[Round "6"]
[White "GMKrikor"]
[Black "yurisolo"]
[Result "1-0"]
[WhiteElo "2545"]
[BlackElo "2530"]
[TimeControl "180+2"]
[EndTime "18:19:31 PDT"]
[Termination "GMKrikor won by resignation"]

1. e4 g6 2. d4 d6 3. Nc3 Bg7 4. h4 Nf6 5. f3 h5 6. Be3 a6 7. Qd2 b5 8. O-O-O Bb7 9. Nh3 Nbd7 10. Ng5 Rc8 11. e5 dxe5 12. dxe5 Nxe5 13. Qxd8+ Rxd8 14. Rxd8+ Kxd8 15. Bd4 Nfd7 16. f4 Bh6 17. fxe5 f6 18. exf6 exf6 19. Kb1 Re8 20. Nf7+ Kc8 21. Bd3 Bxg2 22. Rg1 Bf4 23. a4 c5 24. Rxg2 cxd4 25.
Nd5 Re1+ 26. Ka2 g5 27. hxg5 fxg5 28. Nxg5 Bxg5 29. Rxg5 bxa4 30. Bxa6+ Kb8 31. Rxh5 Nc5 32. Bc4 Rc1 33. Nb4 Ne4 34. Rh7 Nf2 35. Nc6+ 1-0

[Event "*** Titled Tuesday 3|2 Blitz (Late)"]
[Site "Chess.com"]
[Date "2016.11.01"]
[Round "6"]
[White "SwiftyMcBishop"]
[Black "popov_m"]
[Result "1/2-1/2"]
[WhiteElo "2106"]
[BlackElo "2286"]
[TimeControl "180+2"]
[EndTime "18:19:36 PDT"]
[Termination "Game drawn by agreement"]

1. e4 e6 2. d4 d5 3. Nc3 Bb4 4.
e5 Ne7 5. Qg4 c5 6. a3 Bxc3+ 7.
bxc3 Qc7 8. Qxg7 Rg8 9. Qxh7 cxd4 10. Ne2 Nbc6 11. f4 dxc3 12. Qd3 d4 13. Nxd4 Nxd4 14. Qxd4 Bd7 15. Be3 Nf5 16. Qc5 Bc6 17. Rg1 b6 18. Qxc3 O-O-O 19. g3 Kb8 20. Kf2 Qb7 21. Bd3 Nxe3 22. Kxe3 Bg2 23. Be2 Rc8 24. Qb4 Rxc2 25. Rac1 Rxe2+ 26. Kxe2 Qf3+ 27. Kd2 Qf2+ 28. Kc3 Rc8+ 29.
Kb3 Bd5+ 30. Ka4 Bc6+ 31. Kb3 Bd5+ 32. Ka4 Bc6+ 1/2-1/2

[Event "*** Titled Tuesday 3|2 Blitz (Late)"]
[Site "Chess.com"]
[Date "2016.11.01"]
[Round "6"]
[White "fastestmindalive"]
[Black "Aygehovit1992"]
[Result "0-1"]
[WhiteElo "2521"]
[BlackElo "2457"]
[TimeControl "180+2"]
[EndTime "18:19:40 PDT"]
[Termination "Aygehovit1992 won by resignation"]

1. e4 d6 2. d4 g6 3. Nc3 a6 4.
a4 Bg7 5. h3 Nc6 6. Be3 Nf6 7.
d5 Nb8 8. Qd2 c6 9. Bh6 O-O 10. h4 cxd5 11. exd5 Qa5 12. h5 Nbd7 13. hxg6 fxg6 14. Bxg7 Kxg7 15. Nf3 Kg8 16. Bd3 Nc5 17. Bc4 Qb4 18. b3 Bg4 19. Ng5 b5 20. Be2 Bxe2 21. Nxe2 Qxd2+ 22. Kxd2 bxa4 23. b4 Nce4+ 24. Nxe4 Nxe4+ 25.
Ke3 Nxf2 26. Rh4 h5 27. Rxa4 Ng4+ 28. Kd2 Rf5 29. c4 Rc8 30. Kc3 Rxd5 31. Rxa6 Re5 32.
Nc1 Re1 33. Nd3 Re3 34. c5 Ne5 35. Rd4 dxc5 36. bxc5 Rxc5+ 37. Kb4 Nxd3+ 38. Rxd3 Rxd3 39. Kxc5 Kf7 40. Ra2 e5 41. Kc4 Rd4+ 42. Kc3 Ke6 43. Rf2 h4 44. Rf8 g5 45. Rf2 Rf4 46. Ra2 Kf5 47. Kd3 Kg4 48. Ke3 Kg3 49. Ra5 g4 50.
Rxe5 Rf2 51. Rd5 Kxg2 52. Rd3 Rf3+ 0-1

[Event "*** Titled Tuesday 3|2 Blitz (Late)"]
[Site "Chess.com"]
[Date "2016.11.01"]
[Round "6"]
[White "GianmarcoVaR"]
[Black "Rating-Schmating"]
[Result "1-0"]
[WhiteElo "2414"]
[BlackElo "2247"]
[TimeControl "180+2"]
[EndTime "18:19:53 PDT"]
[Termination "GianmarcoVaR won by checkmate"]

1. d4 Nf6 2. c4 e6 3. g3 d5 4. Nf3 c5 5. Bg2 Nc6 6. O-O cxd4 7. Nxd4 Bc5 8. Nb3 Bb6 9. cxd5 Nxd5 10. Nc3 Nxc3 11.
bxc3 Qxd1 12. Rxd1 Bd7 13. Ba3 O-O-O 14. Nd4 Nxd4 15.
cxd4 Bb5 16. e3 Kb8 17. Rab1 Bc4 18. Rb2 Bd5 19. Bf1 Bf3 20. Be2 Bxe2 21. Rxe2 Rc8 22. d5 exd5 23. Rxd5 Rhd8 24. Bd6+ Bc7 25. Bxc7+ Kxc7 26. Rc2+ Kb8 27. Rxd8 Rxd8 28. e4 Rd7 29. f4 b6 30. Kf2 Kb7 31. Ke3 Rd1 32. e5 h5 33.
Ke4 g6 34. Re2 Kc6 35. e6 fxe6 36. Ke5 Rd6 37. Kf6 h4 38. g4 Rd4 39. Kg5 Kd6 40. Kxg6 Rxf4 41. Kg5 Rf8 42. Kxh4 e5 43. g5 Ke6 44.
Kh5 Rh8+ 45. Kg4 Kd5 46. h4 e4 47. g6 Ke5 48. Kg5 Rf8 49. g7 Rf3 50. Rg2 Rf5+ 51.
Kh6 Rf6+ 52. Rg6 e3 53. g8=Q e2 54. Qe8+ Kd5 55. Rxf6 Kc5 56. Qxe2 Kb4 57. Rf4+ Ka5 58. a4 a6 59. Rf5+ b5 60. Rxb5+ axb5 61. Qxb5# 1-0

[Event "*** Titled Tuesday 3|2 Blitz (Late)"]
[Site "Chess.com"]
[Date "2016.11.01"]
[Round "6"]
[White "Gabrielian_Artur"]
[Black "GMMelik"]
[Result "1-0"]
[WhiteElo "2554"]
[BlackElo "2368"]
[TimeControl "180+2"]
[EndTime "18:20:12 PDT"]
[Termination "Gabrielian_Artur won by checkmate"]

1. e4 e5 2. Nf3 Nc6 3. Bc4 Bc5 4.
d3 d6 5. c3 Nf6 6. Bg5 h6 7.
Bh4 a6 8. a4 g5 9. Bg3 Ba7 10.
Nbd2 Nh5 11. b4 Nf4 12. Bxf4 gxf4 13. a5 Rg8 14. Rg1 Qf6 15. Qb3 Bd7 16. b5 axb5 17. Bxb5 Bc5 18. a6 Ke7 19. Ke2 bxa6 20. Rxa6 Rxa6 21.
Bxa6 Rb8 22. Qc2 Qg6 23. Bc4 f5 24. Bd5 Qh5 25. Rb1 Rxb1 26. Qxb1 Nd8 27. Qb8 c6 28.
Ba2 Qg6 29. Nxe5 Qxg2 30. d4 fxe4 31. dxc5 dxe5 32. Qd6+ Ke8 33. Qxe5+ Kf8 34. Qxf4+ Ke7 35. Qd6+ Ke8 36. Qe5+ Kf8 37. Nxe4 Bg4+ 38. Kd2 Qf3 39. Qd6+ Kg7 40. Qd4+ Kg6 41. Qd6+ Kg7 42. Qe5+ Kg6 43. Qe8+ Kg7 44. Qg8# 1-0

[Event "*** Titled Tuesday 3|2 Blitz (Late)"]
[Site "Chess.com"]
[Date "2016.11.01"]
[Round "6"]
[White "theprosecution1"]
[Black "psv98"]
[Result "1/2-1/2"]
[WhiteElo "2509"]
[BlackElo "2616"]
[TimeControl "180+2"]
[EndTime "18:20:18 PDT"]
[Termination "Game drawn by repetition"]

1. e4 e5 2. Nf3 Nc6 3. Bb5 a6 4.
Ba4 Nf6 5. O-O d6 6. d4 b5 7. Bb3 Nxd4 8. Nxd4 exd4 9. c3 d3 10.
Qxd3 Be7 11. a4 Bb7 12. Nd2 O-O 13. Bc2 c5 14. b3 d5 15. e5 Ne4 16. Nxe4 dxe4 17.
Qg3 Kh8 18. Re1 f5 19. exf6 Bxf6 20. Bf4 Bh4 21. Qe3 Qf6 22. g3 g5 23. Bc7 Rf7 24.
Ba5 Raf8 25. Qxc5 Qg7 26. Bxe4 Bxe4 27. Rxe4 Rxf2 28. Qxf2 Rxf2 29. Kxf2 Qf7+ 30. Kg2 g4 31. Rxg4 Bf6 32. Rf1 Qd5+ 33. Rf3 bxa4 34. bxa4 h5 35.
Rf4 Qd2+ 36. Rf2 Qd5+ 37. R4f3 Bg7 38. Bb6 a5 39. Bd4 Bxd4 40. cxd4 Qxd4 41. Rf8+ Kg7 42.
R8f5 Qe4+ 43. Kg1 Qe1+ 44. Kg2 Qe4+ 45. Kf1 Qh1+ 46. Ke2 Qe4+ 47. Kd2 Qd4+ 48. Ke2 Qe4+ 49. Kd2 Qd4+ 50. Ke1 Qe4+ 51. Kf1 Qh1+ 52. Ke2 Qe4+ 53.
Kd2 Qd4+ 54. Ke2 Qe4+ 55. Kf1 Qh1+ 56. Ke2 Qe4+ 1/2-1/2

[Event "*** Titled Tuesday 3|2 Blitz (Late)"]
[Site "Chess.com"]
[Date "2016.11.01"]
[Round "6"]
[White "MFBerna"]
[Black "stalyansky"]
[Result "1-0"]
[WhiteElo "2185"]
[BlackElo "2194"]
[TimeControl "180+2"]
[EndTime "18:20:23 PDT"]
[Termination "MFBerna won on time"]

1. e4 e5 2. Nf3 Nc6 3. Bb5 a6 4. Ba4 d6 5. O-O Bd7 6. d4 exd4 7. Nxd4 Nf6 8. Nxc6 Bxc6 9. Bxc6+ bxc6 10. Nc3 Be7 11. Qf3 O-O 12. e5 dxe5 13. Qxc6 Qd6 14. Qc4 Rab8 15.
b3 Qd4 16. Qxd4 exd4 17. Na4 Rbd8 18. Re1 Bb4 19. Rd1 Ne4 20. Bf4 c6 21. Rd3 Rfe8 22. Rad1 Nf6 23. Bg5 Re2 24. c3 Rde8 25. Kf1 dxc3 26.
Nxc3 Bxc3 27. Rxc3 Ne4 28. Re3 Rxf2+ 29. Ke1 Rf5 30. Rd8 Rxd8 31. Bxd8 Nd6 32. Bc7 Rd5 33. Bxd6 h5 34. Bb4 Rb5 35. Bd2 a5 36. Rc3 c5 37.
Be3 a4 38. bxa4 Rb4 39. Ra3 c4 40. a5 Rb8 41. a6 Ra8 42. a7 c3 43. Rb3 c2 44. Kd2 Rc8 45. Kc1 1-0

[Event "*** Titled Tuesday 3|2 Blitz (Late)"]
[Site "Chess.com"]
[Date "2016.11.01"]
[Round "6"]
[White "pedromartinez91"]
[Black "jcgs1030"]
[Result "0-1"]
[WhiteElo "2295"]
[BlackElo "2272"]
[TimeControl "180+2"]
[EndTime "18:20:44 PDT"]
[Termination "jcgs1030 won by resignation"]

1. d4 Nf6 2. Nf3 g6 3. g3 Bg7 4.
Bg2 O-O 5. O-O c5 6. c3 d6 7. dxc5 dxc5 8. Qxd8 Rxd8 9. Be3 b6 10. Na3 Bb7 11.
Rfd1 Na6 12. Nb5 Bd5 13. Ne5 Bxg2 14. Kxg2 Nd5 15. Nc6 Nxe3+ 16. fxe3 Rxd1 17. Rxd1 Bf6 18. Rd7 Kf8 19. Rxa7 Rxa7 20. Ncxa7 Nb8 21. Nc8 Nd7 22. Nc7 e6 23. Na8 Bd8 24. a4 f5 25. b4 cxb4 26.
cxb4 e5 27. e4 fxe4 28. Kf2 Be7 29. Nxe7 Kxe7 30. Ke3 Kd6 31. Kxe4 Kc6 32. a5 bxa5 33. bxa5 Kb7 34. Nb6 Nf6+ 35. Kxe5 Ng4+ 36. Kd6 Nxh2 37. e4 Nf1 38. g4 h5 39. g5 Ng3 40.
e5 h4 41. e6 h3 42. Nc4 h2 43.
Ne3 h1=Q 44. e7 Qe4 45. Nd5 Nf5+ 46. Kc5 Qe5 47. a6+ Kxa6 48. Kc4 Qd4+ 49. Kb3 Qxd5+ 0-1

[Event "*** Titled Tuesday 3|2 Blitz (Late)"]
[Site "Chess.com"]
[Date "2016.11.01"]
[Round "6"]
[White "hardingstoptry"]
[Black "jk13"]
[Result "1/2-1/2"]
[WhiteElo "2583"]
[BlackElo "2513"]
[TimeControl "180+2"]
[EndTime "18:20:58 PDT"]
[Termination "Game drawn by agreement"]

1. Nf3 Nf6 2. g3 e6 3. Bg2 d5 4. O-O b5 5. d3 c5 6. Nbd2 Nc6 7. Re1 Be7 8. e4 O-O 9. c3 Bb7 10. Qe2 a5 11. a4 b4 12. exd5 exd5 13. Nb3 Re8 14. Bg5 Bf8 15. Qxe8 Qxe8 16. Rxe8 Rxe8 17. Kf1 Ba6 18. Ne1 c4 19. Nd2 cxd3 20. Bxf6 gxf6 21. Bxd5 Ne5 22. Kg2 bxc3 23. bxc3 Rc8 24. Nef3 Rxc3 25. Ne4 Nxf3 26. Kxf3 Rc2 27. Rd1 Bb4 28. Bb3 Rb2 29. Nxf6+ Kg7 30. Ne8+ Kf8 31. Nc7 Bb7+ 32. Bd5 Bc8 33.
g4 Bc5 34. Rxd3 Rxf2+ 35. Kg3 Rc2 36. Bb3 Bf2+ 37. Kf3 Rxc7 38. Kxf2 Bxg4 39. Rd8+ Kg7 40. Rb8 Rc3 41. Rb7 Rf3+ 42. Kg2 Rf5 43. Ra7 Bf3+ 44.
Kg3 Be4 45. Be6 Rf6 46. Bg4 Bf5 47. Rxa5 Bxg4 48. Rg5+ Kf8 49. Kxg4 Rf2 50. h4 Ra2 51. Ra5 Kg7 52. Kf5 h6 53. Ra8 Rh2 54. Kg4 Rg2+ 55. Kf4 Ra2 56. Ra7 Rh2 57. Kg3 Ra2 58. Kf4 Rh2 59.
Kg3 1/2-1/2

[Event "*** Titled Tuesday 3|2 Blitz (Late)"]
[Site "Chess.com"]
[Date "2016.11.01"]
[Round "6"]
[White "brightthunder"]
[Black "KyronGriffith"]
[Result "1/2-1/2"]
[WhiteElo "2540"]
[BlackElo "2319"]
[TimeControl "180+2"]
[EndTime "18:21:06 PDT"]
[Termination "Game drawn by agreement"]

1. e4 c5 2. Nf3 d6 3. d4 cxd4 4. Nxd4 Nf6 5. Nc3 a6 6. f3 e5 7. Nb3 Be6 8. Be3 Be7 9. Qd2 O-O 10. O-O-O Nbd7 11. g4 b5 12. g5 b4 13. gxf6 bxc3 14. Qxc3 Nxf6 15. Na5 Qd7 16. Nc6 Rfc8 17. Nxe7+ Qxe7 18. Qa5 Nh5 19. Rd2 Nf4 20. Rg1 g6 21. Bxf4 exf4 22.
Qg5 Qxg5 23. Rxg5 Bxa2 24. Rxd6 Bb3 25. Bd3 a5 26. Rf6 Bc4 27. Bxc4 Rxc4 28. Rxf4 a4 29. Rf6 a3 30. bxa3 Rxa3 31. Rd5 Ra2 32. Rd2 Kg7 33. Rb6 Ra1+ 34. Kb2 Rf1 35. Rb3 g5 36. Rbd3 h5 37.
Kb3 Rc6 38. Kb2 f6 39. Rc3 Rb6+ 40. Rb3 Rc6 41. Rg2 h4 42. e5 Kg6 43. Rb5 Rxf3 44.
exf6 Kxf6 45. Rgxg5 Rc8 46. Rgd5 Ke6 47. Rd4 h3 48.
Rh4 Rf2 49. Rxh3 Rcxc2+ 50. Kb3 Rb2+ 51. Ka4 Ra2+ 52. Kb4 Rfb2+ 53. Kc5 Rxh2 54. Rxh2 Rxh2 55. Kb6 1/2-1/2

[Event "*** Titled Tuesday 3|2 Blitz (Late)"]
[Site "Chess.com"]
[Date "2016.11.01"]
[Round "6"]
[White "Kubas1010"]
[Black "nonscitis"]
[Result "1/2-1/2"]
[WhiteElo "2414"]
[BlackElo "2322"]
[TimeControl "180+2"]
[EndTime "18:21:24 PDT"]
[Termination "Game drawn - insufficient material"]

1. d4 Nf6 2. c4 e6 3. g3 d5 4. Nf3 dxc4 5. Bg2 Be7 6. O-O Bd7 7. Ne5 Bc6 8. Nxc6 Nxc6 9. e3 O-O 10.
Qa4 Nb4 11. Bd2 Nfd5 12. a3 Nb6 13. Qd1 N4d5 14. Ba5 c6 15. Nd2 Qd7 16. Qc2 Bd8 17. Rfd1 Re8 18. Rac1 Rc8 19. a4 Qe7 20. e4 Nb4 21.
Bxb4 Qxb4 22. Nxc4 Nxa4 23. e5 Be7 24. Ra1 Nb6 25.
Na5 Nd5 26. Ra4 Qb6 27. Nc4 Qd8 28. Rxa7 b5 29. Ne3 c5 30. Nxd5 exd5 31. Qf5 cxd4 32. Rd7 g6 33. Rxd8 gxf5 34. Rxe8+ Rxe8 35. Rxd4 Rd8 36. Bxd5 Kf8 37. Kf1 Bc5 38. Rd3 Ke7 39. Ke2 h6 40. f4 f6 41. exf6+ Kxf6 42. h3 h5 43. Bf3 Rxd3 44. Kxd3 Bf2 45. Bxh5 Bxg3 46. Ke3 b4 47. Bd1 Be1 48. Kd4 Bd2 49. Kc4 Bxf4 50. Kxb4 Kg5 51. Bc2 Be5 52. b3 f4 53. Bd1 Kh4 54. Bg4 Kg3 55. Kc5 f3 56. Bxf3 Kxf3 57. Kd5 Bb8 58.
h4 Kg4 59. b4 Kxh4 60. b5 Kg5 61. Kc6 Kf6 62. Kd7 Bh2 63. b6 Kg5 64. b7 Kf6 65. Kc8 Ke7 66. b8=Q Bxb8 1/2-1/2

[Event "*** Titled Tuesday 3|2 Blitz (Late)"]
[Site "Chess.com"]
[Date "2016.11.01"]
[Round "6"]
[White "jposthuma"]
[Black "nihalsarin"]
[Result "0-1"]
[WhiteElo "2183"]
[BlackElo "2502"]
[TimeControl "180+2"]
[EndTime "18:21:25 PDT"]
[Termination "nihalsarin won by checkmate"]

1. d4 d5 2. Nf3 Nf6 3. Bf4 Bf5 4.
e3 e6 5. c4 Bb4+ 6. Nc3 O-O 7.
Bd3 Bxd3 8. Qxd3 c6 9. O-O Nbd7 10. a3 Bxc3 11. Qxc3 Ne4 12. Qc2 f5 13. Ne5 Ndf6 14.
f3 Nd6 15. c5 Nf7 16. Nxf7 Rxf7 17. Bg5 Qe7 18. f4 Qf8 19. Bxf6 gxf6 20. b4 Kh8 21. a4 Qh6 22. b5 Rg8 23. bxc6 bxc6 24. Ra2 Rfg7 25. Qb3 Qh3 26. Rff2 Rg4 27. Kh1 Qh5 28.
Rae2 Rh4 29. g3 Rxg3 30. Rg2 Qf3 31. Qb8+ Kg7 32. Qxa7+ Kg6 33. Kg1 Qxe2 34. Rxg3+ Rg4 35. Rxg4+ fxg4 36. Qa8 Kf5 37. Qxc6 Qxe3+ 38. Kg2 Qf3+ 39. Kg1 Qd1+ 40. Kg2 Qxd4 41. Qd7 Qxc5 42. Qxh7+ Kxf4 43. Qh6+ Kf5 44. Qh5+ Kf4 45. Qh6+ Ke5 46. Qh5+ f5 47. Qh8+ Ke4 48. Qb2 f4 49. Qb1+ Ke5 50. Qb2+ Kf5 51.
Qb1+ Kg5 52. a5 f3+ 53. Kh1 Qxa5 54. Qc1+ Kf5 55. Qb1+ Ke5 56. Qb2+ d4 57. Qf2 Qa1+ 58. Qg1 Qxg1+ 59. Kxg1 Kf4 60. Kf2 e5 61. Kf1 e4 62.
Kf2 e3+ 63. Kf1 d3 64. Ke1 f2+ 65. Kf1 Kf3 66. h3 e2# 0-1

[Event "*** Titled Tuesday 3|2 Blitz (Late)"]
[Site "Chess.com"]
[Date "2016.11.01"]
[Round "6"]
[White "norwaytoadog"]
[Black "Scott-fox21"]
[Result "0-1"]
[WhiteElo "1977"]
[BlackElo "2192"]
[TimeControl "180+2"]
[EndTime "18:21:27 PDT"]
[Termination "Scott-fox21 won on time"]

1. e4 c5 2. Nf3 d6 3. Bb5+ Nc6 4. Bxc6+ bxc6 5. O-O Nf6 6. Re1 e5 7. c3 Be7 8. d4 cxd4 9. cxd4 Bg4 10. dxe5 Bxf3 11. Qxf3 dxe5 12. Nd2 O-O 13. Nc4 Qc7 14. Ne3 Rfd8 15.
Nf5 Bf8 16. Bg5 Qd7 17. Nh6+ Kh8 18. Bxf6 gxf6 19. Qxf6+ Bg7 20. Qh4 Bxh6 21. Qxh6 Qd6 22. Qh5 Qf6 23. Red1 Rg8 24. Rd7 Rg7 25. Rad1 Qe6 26.
Rd8+ Rxd8 27. Rxd8+ Rg8 28. Rxg8+ Kxg8 29. Qg5+ Kf8 30.
Qd8+ Kg7 31. b3 Qg6 32. f3 Qh6 33. Qd3 Qc1+ 34. Kf2 Qb2+ 35. Qe2 Qd4+ 36. Kg3 a5 37. h4 h6 38. Qc4 Qd2 39. Qxc6 Qxa2 40. Qd5 Qa1 41. Kh2 Qc3 42. h5 Kf6 43. Qd6+ Kg7 44. Qd5 Kf6 45. Qd6+ Kg7 46. Qe7 Qd4 47. Qb7 Qf2 48.
Kh3 Qd2 49. Qd5 Qg5 50. g4 Qf4 51. Kg2 Kf6 52. Qd6+ Kg7 53. Qd3 Qc1 54. Kf2 Qb2+ 0-1

[Event "*** Titled Tuesday 3|2 Blitz (Late)"]
[Site "Chess.com"]
[Date "2016.11.01"]
[Round "6"]
[White "Fandorine"]
[Black "AlexanderL"]
[Result "0-1"]
[WhiteElo "2645"]
[BlackElo "2598"]
[TimeControl "180+2"]
[EndTime "18:21:44 PDT"]
[Termination "AlexanderL won by resignation"]

1. e4 e6 2. d4 d5 3. Nc3 Nf6 4.
e5 Nfd7 5. f4 c5 6. Nf3 Be7 7.
Be3 O-O 8. Qd2 b6 9. Nd1 a5 10. c3 a4 11. Bd3 Ba6 12. Bc2 Bb5 13. Nf2 Nc6 14. Bd3 Bxd3 15. Nxd3 c4 16. Nc1 a3 17. b4 cxb3 18. axb3 Na5 19. Qd3 Qc8 20. Nd2 Qc6 21. O-O Rfc8 22. Na2 f5 23. Rfc1 Qb7 24. c4 Qa6 25. Kf2 Nc6 26. Ke2 Nb4 27. Nxb4 Bxb4 28. cxd5 Rxc1 29. Rxc1 exd5 30. Qxa6 Rxa6 31. Ra1 Nb8 32.
Ra2 Nc6 33. Nb1 Be7 34. Ra1 Kf7 35. Nc3 Ke6 36. Kd2 Bb4 37. Kd3 Bxc3 38. Kxc3 b5 39. b4 Ra4 40. Bc1 Nxb4 41. Rxa3 Na2+ 42. Kc2 Rc4+ 43. Kb2 Nxc1 44. Ra6+ Kf7 45. Ra7+ Kg6 46. Ra6+ Kh5 47. g3 Nd3+ 48. Kb3 b4 49. Ra7 Kh6 50. Rd7 Rxd4 51. e6 Nc5+ 52. Kb2 Nxe6 53. Rd6 Re4 54. Rxd5 g6 55. Kc2 Re2+ 56. Kd3 Rxh2 57. Rd6 Ng7 58. Kc4 Nh5 59. Kxb4 Nxg3 60. Kc5 Ne4+ 0-1